 Dungeon Crawl Stone Soup version 0.20.1-1-g8b1a95d (console) character file.

346 bli the Covered (level 6, -2/51 HPs)
             Began as a Barachi Fighter on Aug 15, 2017.
             Killed from afar by an orc wizard (4 damage)
             ... with a puff of frost
             ... on level 3 of the Dungeon.
             The game lasted 00:09:02 (2283 turns).

bli the Covered (Barachi Fighter)                   Turns: 2283, Time: 00:09:03

Health: -2/51      AC:  7    Str: 18    XL:     6   Next: 59%
Magic:  6/6        EV:  8    Int:  9    God:
Gold:   131        SH:  9    Dex: 12    Spells: 5/5 levels left

rFire    . . .     SeeInvis .   a - +0 long sword
rCold    . . .     Gourm    .   c - +0 shield
rNeg     . . .     Faith    .   w - +0 scale mail
rPois    .         Spirit   .   (no helmet)
rElec    .         Reflect  .   (no cloak)
rCorr    +         Harm     .   (no gloves)
MR       .....                  (no boots)
Stlth    ..........             (no amulet)
Regen    0.2/turn               m - ring of wizardry
MPRegen  0.1/turn               y - ring of resist corrosion

@: slow
A: +LOS, swims, slowness 1, strong legs 1
a: Hop


You were on level 3 of the Dungeon.
You were not hungry.

You visited 1 branch of the dungeon, and saw 3 of its levels.

You collected 131 gold pieces.

Inventory:

Hand Weapons
 a - a +0 long sword (weapon)
 b - a +0 falchion
 q - a +0 club
Armour
 c - a +0 shield (worn)
 w - a +0 scale mail (worn)
Magical Staves
 v - an uncursed staff of wizardry
Jewellery
 m - a ring of wizardry (left hand)
 y - a ring of resist corrosion (right hand)
Wands
 x - a wand of scattershot (6/9)
Scrolls
 e - 2 scrolls of identify {unknown}
 g - a scroll of magic mapping {unknown}
 i - a scroll of amnesia {unknown}
 j - 3 scrolls of noise {unknown}
 k - 2 scrolls of remove curse {unknown}
 u - a scroll of enchant armour {unknown}
Potions
 d - a potion of might
 n - a potion of cancellation {unknown}
 o - a potion of brilliance {unknown}
 r - 2 potions of curing
 s - 2 potions of agility {unknown}
 t - a potion of ambrosia {unknown}
Comestibles
 f - 2 bread rations
 h - 3 fruits
 l - a chunk of flesh
 p - a meat ration


   Skills:
 * Level 5.2 Fighting
 + Level 4.4 Long Blades
 * Level 5.5 Armour
 + Level 1.5 Dodging
 + Level 4.3 Shields


You had 5 spell levels left.
You didn't know any spells.

Dungeon Overview and Level Annotations

Branches:
Dungeon (3/15)

Altars:
Dithmenos
Elyvilon
Hepliaklqana
Xom


Innate Abilities, Weirdness & Mutations

Shadows flee at your approach. (+LOS)
You can swim through water.
You cover ground slowly.
You can hop short distances.


Message History

* * * LOW HITPOINT WARNING * * *
You miss something.
The orc wizard hits you but does no damage.
Something hits you but does no damage. The orc wizard barely misses you.
Something hits you but does no damage. You block the orc's attack.
You feel better.
The orc wizard hits you but does no damage.
The orc wizard points at you and mumbles some strange words.
The puff of flame hits you!
* * * LOW HITPOINT WARNING * * *
Something hits you but does no damage. The orc barely misses you.
You hit something. The orc wizard hits you with a dagger.
* * * LOW HITPOINT WARNING * * *
Something hits you but does no damage.
The orc wizard casts a cantrip, but nothing happens.
The orc barely misses you.
You hit something.
The orc wizard gestures at you while chanting.
The puff of frost hits you!
You die...

##'####..#######.##
........>..........
...........#####.##
...........# #.#
.........#######.###
'#######...........
.#
#####.#######.#####
.# #.....# #.......#
.# #.##### #.#.#o..#
.# #.# #.#{#...# .#
#.#########.#@#..5#
.#
#.........#.#oo....#
.#
#########.#.#...##.#
## #.....#.### .#
#.#.###.# # #.#.#
#.# . #.# #.# .# #.#
#.. #. ..# ### # ###


You could see an orc wizard and an orc.

Vanquished Creatures
  Sigmund (D:3)
  Ijyb (D:3)
  A worker ant (D:3)
  Natasha (D:3)
  5 adders
  An ooze (D:1)
  2 worms (D:3)
  4 dart slugs
  A leopard gecko (D:3)
  2 orcs (D:3)
  3 bats
  3 giant cockroaches
  7 goblins
  5 hobgoblins
  7 jackals (D:3)
  A quokka (D:2)
  4 frilled lizards
  7 kobolds
  3 rats
59 creatures vanquished.

Notes
Turn   | Place    | Note
-------+----------+-------------------------------------------
     0 | D:1      | bli the Barachi Fighter began the quest for the Orb.
     0 | D:1      | Reached XP level 1. HP: 18/18 MP: 1/1
   200 | D:1      | Reached XP level 2. HP: 24/25 MP: 2/2
   948 | D:2      | Reached XP level 3. HP: 16/30 MP: 3/3
  1226 | D:2      | Found a shimmering altar of Xom.
  1227 | D:2      | Found a hazy altar of Hepliaklqana.
  1227 | D:2      | Noticed a bullfrog
  1239 | D:2      | Noticed a spectral ugly thing
  1239 | D:2      | Noticed a bullfrog
  1384 | D:2      | Found a white marble altar of Elyvilon.
  1449 | D:2      | Found a shadowy altar of Dithmenos.
  1490 | D:2      | Reached XP level 4. HP: 34/38 MP: 4/4
  1908 | D:3      | Noticed Sigmund
  1926 | D:3      | Killed Sigmund
  1926 | D:3      | Reached skill level 5 in Fighting
  1926 | D:3      | Reached skill level 5 in Armour
  1926 | D:3      | Reached skill level 1 in Dodging
  1926 | D:3      | Reached XP level 5. HP: 10/44 MP: 5/5
  1926 | D:3      | Reached XP level 6. HP: 11/51 MP: 6/6
  1965 | D:3      | Noticed Ijyb
  1982 | D:3      | Killed Ijyb
  2252 | D:3      | Noticed Natasha
  2269 | D:3      | Killed Natasha
  2279 | D:3      | HP: 2/51 [orc/flail (5)]
  2283 | D:3      | Killed from afar by an orc wizard

Skill      XL: |  1  2  3  4  5  6 |
---------------+-------------------+-----
Fighting       | 4 5 |  5.2
Armour         | 4 5 |  5.5
Long Blades    | 3 4 |  4.4
Dodging        | 1 |  1.5
Shields        | 4 |  4.3

Action                   |  1- 3 |  4- 6 || total
-------------------------+-------+-------++-------
Melee: Long sword        |   119 |   144 ||   263
  Use: Potion            |     2 |     3 ||     5
  Eat: Chunk             |     3 |     3 ||     6
Armor: Scale mail        |    58 |    59 ||   117
Dodge: Dodged            |    49 |    48 ||    97
Block: Shield            |    68 |    80 ||   148
       Rpst.: Long sword |    14 |    12 ||    26
